 Dungeon Crawl Stone Soup version 0.24.1-14-gf8d2b509d9 (webtiles) character file.

Game seed: 13852906771759663599, levelgen mode: deterministic

429 Gaplan the Chopper (level 6, -3/53 HPs)
             Began as a Minotaur Fighter on May 30, 2020.
             Slain by Alannah's ghost (9 damage)
             ... on level 3 of the Dungeon.
             The game lasted 00:09:37 (2183 turns).

Gaplan the Chopper (Minotaur Fighter)               Turns: 2183, Time: 00:09:37

Health: -3/53      AC:  7    Str: 23    XL:     6   Next: 66%
Magic:  4/4        EV: 10    Int: 10    God:
Gold:   213        SH:  0    Dex:  9    Spells: 5/5 levels left

rFire    . . .     SeeInvis .   v - +1 battleaxe
rCold    . . .     Gourm    +   (shield currently unavailable)
rNeg     . . .     Faith    .   b - +0 scale mail
rPois    .         Spirit   .   (helmet restricted)
rElec    .         Reflect  .   (no cloak)
rCorr    .         Harm     .   (no gloves)
MR       .....     Clarity  +   (no boots)
Stlth    +.........             u - amulet of the gourmand
HPRegen  0.17/turn              e - ring of stealth
MPRegen  0.09/turn              q - +5 ring of intelligence

@: no status effects
A: retaliatory headbutt, horns 2, clarity, low mp 1
a: no special abilities


You were on level 3 of the Dungeon.
You were completely stuffed.

You visited 1 branch of the dungeon, and saw 3 of its levels.
You also visited: Sewer.

You collected 213 gold pieces.

Inventory:

Hand Weapons
 a - a +0 war axe
 v - a +1 battleaxe (weapon)
Armour
 b - a +0 scale mail (worn)
 c - a +1 shield
Jewellery
 e - a ring of stealth (left hand)
 m - an uncursed amulet of rage
 q - a +5 ring of intelligence (right hand)
 u - an amulet of the gourmand (around neck)
Scrolls
 h - 2 scrolls of enchant armour
 o - 2 scrolls of teleportation {unknown}
 p - a scroll of fear {unknown}
 r - a scroll of identify
 t - a scroll of fog
 w - 3 scrolls of remove curse
 x - a scroll of random uselessness {unknown}
 y - a scroll of summoning
 B - a scroll of magic mapping {unknown}
Potions
 d - a potion of cancellation
 g - a potion of magic {unknown}
 j - a potion of brilliance
 k - 2 potions of invisibility {unknown}
 l - 2 potions of resistance {unknown}
 s - a potion of might
 z - a potion of flight {unknown}
Comestibles
 f - 4 rations
 A - 2 chunks of flesh


   Skills:
 + Level 4.7 Fighting
 + Level 5.7 Axes
 + Level 5.2 Armour
 + Level 1.7 Dodging
 + Level 5.1 Shields


You had 5 spell levels left.
You didn't know any spells.
Your spell library was empty.

Dungeon Overview and Level Annotations

Branches:
Dungeon (3/15)              Sewer (visited)

Altars:
Dithmenos

Annotations:
D:3 Alannah's ghost, amateur GrHu


Innate Abilities, Weirdness & Mutations

You reflexively headbutt those who attack you in melee.
You have a pair of horns on your head.
You possess an exceptional clarity of mind.
Your magical capacity is low. (-10% MP)


Message History

Alannah's ghost is severely damaged.
You slash the bullfrog zombie!
You destroy the bullfrog zombie!
Alannah's ghost barely misses you. You furiously retaliate!
You headbutt Alannah's ghost, but do no damage.
Alannah's ghost hits you.
* * * LOW HITPOINT WARNING * * *
As you read the scroll labeled AKHLAIDILIC, it crumbles to dust.
You feel blessed for a moment.
It was a scroll of remove curse.
Alannah's ghost hits you.
* * * LOW HITPOINT WARNING * * *
As you read the scroll labeled GOCOUT USYUH, it crumbles to dust.
It is a scroll of identify.
y - a scroll of summoning Alannah's ghost hits you but does no damage.
As you read the scroll labeled ERID UH RANN, it crumbles to dust.
It is a scroll of enchant weapon.
Your +0 battleaxe glows red for a moment.
Alannah's ghost hits you!
You die...

.## ##### .# .# .# #
####### .# #.#.#.#.# .#
#.....#.# .# ##..?.'.##
########### # .#
#.[...'..###.........###
.#
##!...W@.....#####.#.#.#
#.....#.####.####.#.#.#.
#.#.#.#.# #.##..#.#.#.#
# ####### #......#.#.#.
####.##.#.#.# #.#.#.#.#.
###.##.#.#.#
#..รท..#.#.#.
#.#.##.#.#.#


You could see Alannah's ghost.

Vanquished Creatures
  Purgy (Sewer)
  A big kobold (Sewer)
  A water moccasin skeleton (D:3)
  A bullfrog zombie (D:3)
  Terence (D:2)
  Robin (D:2)
  8 adders (D:2)
  An ooze (D:1)
  2 dart slugs
  3 leopard geckos (D:3)
  2 ball pythons
  3 giant cockroaches
  9 goblins
  8 hobgoblins
  4 jackals
  A quokka (D:3)
  5 bats
  2 frilled lizards
  A giant cockroach zombie (D:3)
  7 kobolds
  A leopard gecko skeleton (D:3)
  9 rats
72 creatures vanquished.

Notes
Turn   | Place    | Note
-------+----------+-------------------------------------------
     0 | D:1      | Gaplan the Minotaur Fighter began the quest for the Orb.
     0 | D:1      | Reached XP level 1. HP: 19/19 MP: 0/0
    76 | D:1      | Reached XP level 2. HP: 21/27 MP: 1/1
   711 | D:2      | Noticed Terence
   721 | D:2      | Killed Terence
   721 | D:2      | Reached XP level 3. HP: 10/33 MP: 2/2
   721 | D:2      | Noticed Robin
   752 | D:1      | Gained mutation: Your magical capacity is low. (-10% MP)
                  | [potion of mutation]
   752 | D:1      | Gained mutation: You possess an exceptional clarity of
                  | mind. [potion of mutation]
   942 | D:2      | Reached XP level 4. HP: 38/40 MP: 2/2
  1028 | D:2      | Killed Robin
  1028 | D:2      | Reached skill level 1 in Dodging
  1195 | D:2      | Reached XP level 5. HP: 44/46 MP: 3/3
  1211 | D:2      | Found a faded altar of an unknown god.
  1482 | D:3      | Found a shadowy altar of Dithmenos.
  1653 | D:3      | Found a glowing drain.
  1677 | Sewer    | Entered a sewer
  1752 | Sewer    | Noticed Purgy
  1758 | Sewer    | Killed Purgy
  1758 | Sewer    | Reached skill level 5 in Axes
  1758 | Sewer    | Reached XP level 6. HP: 32/53 MP: 4/4
  1933 | Sewer    | Reached skill level 5 in Armour
  1933 | Sewer    | Reached skill level 5 in Shields
  2127 | D:3      | Found a runed translucent gate.
  2127 | D:3      | Found a runed translucent gate.
  2127 | D:3      | Found a runed translucent gate.
  2131 | D:3      | Noticed Alannah's ghost (amateur GrHu)
  2183 | D:3      | Slain by Alannah's ghost

Levels and vault maps discovered:
D:1:      beargit_arrival_greenhouse, layout_basic, minmay_pentomino_v4
D:2:      layout_rooms, chequers_ecumenical_altar_island, chequers_avenue,
          uniq_robin, uniq_terence
D:3:      layout_loops_corners, nicolae_dithmenos_through_a_glass_darkly,
          portal_sewer_entry_f, gammafunk_ghost_necromancy, minivault_23

Skill      XL: |  1  2  3  4  5  6 |
---------------+-------------------+-----
Shields        | 4 5 |  5.1
Fighting       | 4 |  4.7
Axes           | 3 4 5 |  5.7
Armour         | 4 5 |  5.2
Dodging        | 1 |  1.7

Action                   |  1- 3 |  4- 6 || total
-------------------------+-------+-------++-------
Melee: War axe           |    58 |    50 ||   108
       Headbutt          |    11 |    12 ||    23
       Battleaxe         |       |    46 ||    46
  Use: Potion            |     5 |     2 ||     7
       Scroll            |     2 |     3 ||     5
  Eat: Chunk             |       |    18 ||    18
Armor: Scale mail        |    34 |    61 ||    95
Dodge: Dodged            |    20 |    62 ||    82
Block: Shield            |    33 |    44 ||    77
